 Dungeon Crawl Stone Soup version 0.30-a0-4-ga7cffc901d (webtiles) character file.

Game seed: 485291853242983082

1035 siradein the Trooper (level 8, -10/64 HPs)
             Began as a Demonspawn Fighter on Aug 22, 2022.
             Splashed by a jelly's acid (11 damage)
             ... on level 6 of the Dungeon.
             The game lasted 00:11:57 (5313 turns).

siradein the Trooper (Demonspawn Fighter)           Turns: 5313, Time: 00:11:58

Health: -10/64     AC: -12   Str: 23    XL:     8   Next: 3%
Magic:  0/8        EV:  9    Int: 11    God:
Gold:   201        SH:  5    Dex: 13    Spells: 7/7 levels left

rFire   . . .      SeeInvis .    a - +0 trident
rCold   . . .      Faith    .    c - +0 buckler
rNeg    . . .      Spirit   +    b - +0 scale mail
rPois   .          Reflect  .    q - +2 hat
rElec   .          Harm     .    (no cloak)
rCorr   .          Rampage  .    (no gloves)
Will    .....                    (no boots)
Stlth   ..........               D - amulet of guardian spirit
HPRegen 0.20/turn                G - +6 ring of strength
MPRegen 0.11/turn                v - ring of flight

@: corroded, sanguine armoured, flying
A: horns 1, powered by death 1, sanguine armour 1
a: no special abilities


You were on level 6 of the Dungeon.
You visited 1 branch of the dungeon, and saw 6 of its levels.

You collected 309 gold pieces.
You spent 108 gold pieces at shops.

Inventory:

Hand Weapons
 a - a +0 trident (weapon)
Missiles
 k - 11 poisoned darts (quivered)
 x - 6 javelins
Armour
 b - a +0 scale mail (worn)
 c - a +0 buckler (worn)
 q - a +2 hat (worn)
Jewellery
 m - a +6 ring of dexterity
 v - a ring of flight (right hand)
 z - an amulet of magic regeneration
 D - an amulet of guardian spirit (around neck)
 G - a +6 ring of strength (left hand)
Wands
 A - a wand of flame (11)
Scrolls
 e - a scroll of magic mapping {unknown}
 g - a scroll of enchant weapon {unknown}
 h - a scroll of acquirement {unknown}
 i - 2 scrolls of enchant armour {unknown}
 j - 2 scrolls of immolation {unknown}
 l - a scroll of butterflies {unknown}
 n - 4 scrolls of noise {unknown}
 p - a scroll of silence {unknown}
 s - 3 scrolls of fear
 t - a scroll of torment {unknown}
 y - 2 scrolls of poison {unknown}
 B - 3 scrolls of teleportation
 C - a scroll of vulnerability {unknown}
 H - a scroll of amnesia {unknown}
 I - a scroll of blinking {unknown}
Potions
 d - 2 potions of might
 f - 2 potions of mutation
 o - 4 potions of haste
 r - a potion of cancellation
 u - 2 potions of curing
 w - a potion of magic
 E - 2 potions of heal wounds {unknown}
 F - a potion of flight {unknown}


   Skills:
 + Level 5.8 Fighting
 + Level 4.9 Polearms
 + Level 5.3 Armour
 - Level 4.0 Shields


You had 7 spell levels left.
You didn't know any spells.
Your spell library contained the following spells:

 Spells                   Type           Power      Damage    Failure   Level
 Scorch                   Fire           0%         2d5       86%         2
 Gell's Gravitas          Tloc           0%         N/A       97%         3
 Lesser Beckoning         Tloc           0%         N/A       97%         3
 Teleport Other           Tloc           0%         N/A       97%         3
 Animate Armour           Summ/Erth      0%         N/A       100%        4
 Flame Wave               Conj/Fire      0%         2d4       100%        4
 Blade Hands              Tmut           0%         N/A       100%        5
 Iron Shot                Conj/Erth      0%         9d1       100%        6
 Summon Cactus Giant      Summ           0%         N/A       100%        6


Dungeon Overview and Level Annotations

Branches:
Dungeon (6/15)
 Temple: D:4-7

Altars:
Dithmenos
Fedhas
Makhleb
Vehumet

Shops:
D:3 ?

Annotations:
D:3 1 runed translucent door, Crazy Yiuf


Innate Abilities, Weirdness & Mutations

You have a pair of small horns on your head.
You regenerate a little health from kills.
When seriously injured, your blood forms armour. (AC +6)


Message History

Reach: a) +0 trident
Press: ? - help, Dir - move target, f/p - jelly
Aim: a jelly (moderately wounded, about 10% to evade your +0 trident)
You puncture the jelly! The acid corrodes you!
Your hands burn!
* * * LOW HITPOINT WARNING * * *
The jelly is severely wounded.
The jelly barely misses you.
Reach: a) +0 trident
Press: ? - help, Dir - move target, f/p - jelly
Aim: a jelly (heavily wounded, about 10% to evade your +0 trident)
You hit the jelly.
Your hands burn!
* * * LOW HITPOINT WARNING * * *
You headbutt the jelly, but do no damage.
The jelly is severely wounded.
The jelly closely misses you.
Reach: a) +0 trident
Press: ? - help, Dir - move target, f/p - jelly
Aim: a jelly (severely wounded, about 10% to evade your +0 trident)
You hit the jelly. The acid corrodes you!
Your hands burn!
* * * LOW HITPOINT WARNING * * *
The jelly is almost dead.
You block the jelly's attack.
Reach: a) +0 trident
Press: ? - help, Dir - move target, f/p - jelly
Aim: a jelly (almost dead, about 10% to evade your +0 trident)
You hit the jelly but do no damage.
Your hands burn!
* * * LOW HITPOINT WARNING * * *
The jelly is almost dead.
The jelly barely misses you.
Reach: a) +0 trident
Press: ? - help, Dir - move target, f/p - jelly
Aim: a jelly (almost dead, about 10% to evade your +0 trident)
You hit the jelly but do no damage.
Your hands burn!
* * * LOW HITPOINT WARNING * * *
You headbutt the jelly.
The jelly is almost dead.
The jelly hits you.
* * * LOW HITPOINT WARNING * * *
You are splashed with acid!
You die...

..)......##.#......).....#.#
.........##.#.##.###.......#
<........##.#.##.#.......#.
.<[...)..##.#.#..#.#.....#...
...).....##.#.#..#.........g.
.........##.#.#.##..###......
........^...#.#..#..# ....#.
###.#+###...#.#.##..# g.... #
#.#.......#.#.@J..# ... #
#[###.....#.#####.#######..
###.#.......#.# #.......# .
)...#.#.....#.# #######.#
....#.#..##.#.# #.#
...<..#.....#.###########.#
......#.#####.......#.[.#.#
......#.#.....##..#.#.#.#.#######
......#...#.......#.#.#.#.......#


You could see a jelly.

Vanquished Creatures
  Sigmund (D:2)
  An ogre (D:5)
  A phantom (D:5)
  A gnoll sergeant (D:5)
  A bullfrog (D:6)
  A scorpion (D:6)
  A howler monkey (D:5)
  A hound (D:5)
  3 iron imps (D:4)
  3 iguanas
  Ijyb (D:3)
  Terence (D:3)
  An orc wizard (D:4)
  5 gnolls
  10 adders
  A white imp (D:5)
  An ufetubus (D:5)
  A worm (D:3)
  4 orcs
  7 endoplasms
  5 giant cockroaches
  6 goblins
  7 hobgoblins
  3 quokkas
  12 ball pythons
  6 bats
  3 frilled lizards
  6 kobolds
  2 rats (D:2)
96 creatures vanquished.

Vanquished Creatures (others)
  A plant (D:3)
1 creature vanquished.

Grand Total: 97 creatures vanquished

Notes
Turn   | Place    | Note
-------+----------+-------------------------------------------
     0 | D:1      | siradein the Demonspawn Fighter began the quest for the
                  | Orb.
     0 | D:1      | Reached XP level 1. HP: 18/18 MP: 1/1
    72 | D:1      | Found a faded altar of an unknown god.
   119 | D:1      | Gained mutation: You regenerate a little health from kills.
                  | [demonic ancestry]
   119 | D:1      | Reached XP level 2. HP: 19/24 MP: 2/2
   899 | D:2      | Reached XP level 3. HP: 28/29 MP: 3/3
  1102 | D:2      | Noticed Sigmund
  1116 | D:2      | Killed Sigmund
  1117 | D:2      | Reached XP level 4. HP: 29/37 MP: 4/4
  1117 | D:2      | Reached XP level 5. HP: 33/42 MP: 5/5
  1635 | D:3      | Noticed Terence
  1669 | D:3      | Killed Terence
  1670 | D:3      | Gained mutation: When seriously injured, your blood forms
                  | armour. (AC +6) [demonic ancestry]
  1670 | D:3      | Reached XP level 6. HP: 37/48 MP: 6/6
  1867 | D:3      | Noticed Ijyb
  1880 | D:3      | Killed Ijyb
  2086 | D:3      | Found Onteric's Magic Scroll Emporium.
  2106 | D:3      | Bought a scroll of identify for 24 gold pieces
  2106 | D:3      | Bought a scroll of teleportation for 36 gold pieces
  2106 | D:3      | Bought a scroll of fear for 48 gold pieces
  2207 | D:3      | Found a runed translucent door.
  2208 | D:3      | Noticed Crazy Yiuf
  2581 | D:4      | Found a burning altar of Makhleb.
  3530 | D:5      | Entered Level 5 of the Dungeon
  3609 | D:5      | Found a shadowy altar of Dithmenos.
  3853 | D:5      | Reached XP level 7. HP: 55/55 MP: 7/7
  3947 | D:5      | Reached skill level 5 in Fighting
  4670 | D:5      | Reached skill level 5 in Armour
  5007 | D:6      | Found a radiant altar of Vehumet.
  5008 | D:6      | Found a blossoming altar of Fedhas.
  5200 | D:6      | Gained mutation: You have a pair of small horns on your
                  | head. [demonic ancestry]
  5200 | D:6      | Reached XP level 8. HP: 57/64 MP: 5/8
  5312 | D:6      | HP: 3/64 [acid (1)]
  5313 | D:6      | HP: 1/64 [acid (2)]
  5313 | D:6      | Splashed by a jelly's acid

Illustrated notes

Levels and vault maps discovered:
D:1:      matt_arrival_refuge, layout_basic, nicolae_ecumenical_snake_handling
D:2:      layout_loops_cross, nicolae_concentric_dashed_squares_mild,
          minmay_misc_feat_more_columns, corexii_item_surrounded_by_moat,
          minmay_box_of_dots, uniq_sigmund
D:3:      layout_basic, serial_shops, nicolae_shop_hallway_stairs,
          minmay_shallow_snake_nest, uniq_crazy_yiuf_cottage, uniq_terence,
          uniq_ijyb
D:4:      layout_basic, demons_altar, minmay_misc_feat_ornament
D:5:      layout_loops_ring, mainiacjoe_overflow_catwalk
D:6:      layout_basic, lemuel_mausoleum_altar_yredelemnul,
          chequers_temple_overflow_statue_of_worship

Skill      XL: |  1  2  3  4  5  6  7 |
---------------+----------------------+-----
Polearms       | 2 3 4 |  4.9
Shields        | 3 4 |  4.0
Armour         | 3 4 5 |  5.3
Fighting       | 4 5 |  5.8

Action                   |  1- 3 |  4- 6 |  7- 9 || total
-------------------------+-------+-------+-------++-------
Melee: Trident           |   126 |   202 |   136 ||   464
       Headbutt          |       |       |     3 ||     3
Throw: Dart              |       |     6 |       ||     6
  Use: Scroll            |       |     5 |     1 ||     6
Armor: Scale mail        |    60 |    72 |    54 ||   186
Dodge: Dodged            |    53 |    53 |    69 ||   175
Block: Buckler           |    23 |    40 |    30 ||    93

Table legend: (Time is in decaauts)
 A = Elapsed time spent in this place.
 B = Non-inter-level travel time spent in this place.
 C = Inter-level travel time spent in this place.
 D = Time resting spent in this place.
 E = Time spent auto-exploring this place.
 F = Levels seen in this place.
 G = Mean time per level.
                   A        B        C        D        E       F      G
               +--------+--------+--------+--------+--------+-----+--------+
         Total |   5394 |   5283 |    111 |    307 |   3932 |   6 |  899.0 |
       Dungeon |   5394 |   5283 |    111 |    307 |   3932 |   6 |  899.0 |
               +--------+--------+--------+--------+--------+-----+--------+

Top non-repeatable levels by time:
     D:5: 1347 daAuts
     D:4: 1079 daAuts
     D:1: 904 daAuts
     D:3: 862 daAuts
     D:2: 742 daAuts
     D:6: 459 daAuts
